 Dungeon Crawl Stone Soup version 0.31-a0-955-gcb8bc90ed4 (webtiles) character file.

Game seed: 6907118726862085922

13 Morbidden the Ducker (level 2, 6/22 HPs)
             Began as a Demonspawn Gladiator on Oct 22, 2023.
             Quit the game on level 1 of the Dungeon.
             The game lasted 00:00:17 (141 turns).

Morbidden the Ducker (Demonspawn Gladiator)          Turns: 141, Time: 00:00:17

Health: 6/22       AC:  3    Str: 14    XL:     2   Next: 24%
Magic:  2/2        EV: 12    Int:  9    God:
Gold:   19         SH:  0    Dex: 14    Spells: 1/1 levels left

rFire   . . .        a - +0 war axe
rCold   . . .        (no shield)
rNeg    . . .        b - +0 leather armour
rPois   .            (helmet restricted)
rElec   .            (no cloak)
rCorr   .            (no gloves)
SInv    .            (no boots)
Will    .....        (no amulet)
Stlth   +            (no ring)
HPRegen 0.23/turn    (no ring)
MPRegen 0.08/turn

%: no passive effects
@: no status effects
A: antennae 1
a: no special abilities


You were on level 1 of the Dungeon.
You visited 1 branch of the dungeon, and saw 1 of its levels.

You collected 19 gold pieces.

Inventory:

Hand Weapons
 a - a +0 war axe (weapon)
Missiles
 d - 3 throwing nets (quivered)
 e - a javelin
Armour
 b - a +0 leather armour (worn)
 c - a +0 helmet
Scrolls
 f - a scroll of noise {unknown}
Potions
 g - a potion of curing {unknown}


   Skills:
 * Level 2.0 Fighting
 * Level 3.0 Axes
 + Level 1.7 Throwing
 * Level 3.0 Dodging
 * Level 0.4 Spellcasting


You had one spell level left.
You didn't know any spells.
Your spell library was empty.

Dungeon Overview and Level Annotations

Branches:
Dungeon (1/15)

Altars:


Innate Abilities, Weirdness & Mutations

You have a pair of small antennae on your head.


Message History

Unknown command.
You are too injured to fight recklessly!
Unknown command.
You hit the endoplasm.
You kill the endoplasm!
You barely miss the hobgoblin. The hobgoblin barely misses you.
Unknown command.
You hit the goblin but do no damage. You barely miss the hobgoblin.
The goblin hits you but does no damage. The hobgoblin barely misses you.
The ball python bites you. The ball python barely misses you.
You slash the goblin!
You kill the goblin!
You slash the ball python!
You kill the ball python!
You closely miss the hobgoblin.
The hobgoblin hits you but does no damage.
The ball python bites you but does no damage.
The ball python misses you. The hobgoblin misses you.
Your Dodging skill increases to level 3!
You have reached level 2!
Your demonic ancestry asserts itself...
A pair of antennae grows on your head!
Your +0 helmet falls away!
You slash the ball python!
You kill the ball python!
You closely miss the hobgoblin. The hobgoblin barely misses you.
Unknown command.
You slash the hobgoblin!
You kill the hobgoblin!
You closely miss the hobgoblin. The hobgoblin closely misses you.
You hit the endoplasm.
The endoplasm is almost dead.
You slash the hobgoblin!
You kill the hobgoblin!
The endoplasm freezes you.
You are frozen.
* * * LOW HITPOINT WARNING * * *
The endoplasm closely misses you.
Your Axes skill increases to level 3!
Are you sure you want to abandon this character and quit the game? (Confirm with "yes".)

.. . #? ## ##.
#.## #.. #...#
##.##.[...
####.†#......
#....@J# .
...#......## ..
......$....## #..#
..#.........##...#
##.###.......#
##+###.....###
#..........#
#..........#
#......#####


You could see an endoplasm.

Vanquished Creatures
  2 endoplasms (D:1)
  A giant cockroach (D:1)
  A goblin (D:1)
  2 hobgoblins (D:1)
  3 ball pythons (D:1)
  A frilled lizard (D:1)
  A kobold (D:1)
11 creatures vanquished.

Notes
Turn   | Place    | Note
-------+----------+-------------------------------------------
     0 | D:1      | Morbidden the Demonspawn Gladiator began the quest for the
                  | Orb.
     0 | D:1      | Reached XP level 1. HP: 16/16 MP: 1/1
   138 | D:1      | Gained mutation: You have a pair of small antennae on your
                  | head. [demonic ancestry]
   138 | D:1      | Reached XP level 2. HP: 9/22 MP: 2/2
   141 | D:1      | Quit the game

Illustrated notes

Levels and vault maps discovered:
D:1:      minmay_arrival_four_houses, layout_basic, minmay_heptomino_w4

Skill      XL: |  1  2 |
---------------+-------+-----
Dodging        | 3 |  3.0
Axes           | 3 |  3.0
Fighting       | |  2.0
Throwing       | |  1.7
Spellcasting   | |  0.4

Action                     || total
---------------------------++-------
  Melee: War axe           ||    23
 Armour: Leather armour    ||    15
  Dodge: Dodged            ||    19

Table legend: (Time is in decaauts)
 A = Elapsed time spent in this place.
 B = Non-inter-level travel time spent in this place.
 C = Inter-level travel time spent in this place.
 D = Time resting spent in this place.
 E = Time spent auto-exploring this place.
 F = Levels seen in this place.
 G = Mean time per level.
                   A        B        C        D        E       F      G
               +--------+--------+--------+--------+--------+-----+--------+
         Total |    149 |    149 |      0 |      0 |     98 |   1 |  149.0 |
       Dungeon |    149 |    149 |      0 |      0 |     98 |   1 |  149.0 |
               +--------+--------+--------+--------+--------+-----+--------+

Top non-repeatable levels by time:
     D:1: 149 daAuts
